 Dungeon Crawl Stone Soup version 0.24.0-123-gd5b16e6ec5 (webtiles) character file.

Game seed: 2087359987561906815, levelgen mode: deterministic

49 Martska the Chiller (level 3, -2/26 HPs)
             Began as a Merfolk Ice Elementalist on Jan 31, 2020.
             Slain by a gnoll
             ... wielding a +0 club
              (3 damage)
             ... on level 2 of the Dungeon.
             The game lasted 00:03:41 (2672 turns).

Martska the Chiller (Merfolk Ice Elementalist)      Turns: 2672, Time: 00:03:42

Health: -2/26      AC:  3    Str:  8    XL:     3   Next: 75%
Magic:  5/6        EV: 13    Int: 14    God:
Gold:   45         SH:  0    Dex: 15    Spells: 2/6 levels left

rFire    . . .     SeeInvis .   b - +0 dagger
rCold    . . .     Gourm    .   (no shield)
rNeg     . . .     Faith    .   j - +0 leather armour
rPois    .         Spirit   .   (no helmet)
rElec    .         Reflect  .   (no cloak)
rCorr    .         Harm     .   (no gloves)
MR       .....                  (no boots)
Stlth    ++........             (no amulet)
HPRegen  0.08/turn              (no ring)
MPRegen  0.10/turn              (no ring)

@: no status effects
A: change form in water, swift swim, stealthy swim
a: no special abilities


You were on level 2 of the Dungeon.
You were not hungry.

You visited 1 branch of the dungeon, and saw 3 of its levels.

You collected 45 gold pieces.

Inventory:

Hand Weapons
 b - a +0 dagger (weapon)
Armour
 a - a +0 robe
 j - a +0 leather armour (worn)
Scrolls
 d - a scroll of random uselessness {unknown}
 e - a scroll of fear {unknown}
 h - 2 scrolls of amnesia {unknown}
 k - a scroll of blinking {unknown}
 l - 2 scrolls of teleportation {unknown}
 m - a scroll of magic mapping {unknown}
Potions
 f - a potion of flight {unknown}
 g - a potion of agility {unknown}
 i - a potion of lignification {unknown}
 n - a potion of heal wounds {unknown}
 o - 3 potions of curing {unknown}
Comestibles
 c - 2 rations


   Skills:
 + Level 1.3 Fighting
 + Level 3.3 Dodging
 + Level 2.8 Stealth
 + Level 2.3 Spellcasting
   Level 0.7 Conjurations
 + Level 0.0 Charms
 + Level 3.7 Ice Magic


You had 2 spell levels left.
You knew the following spells:

 Your Spells              Type           Power        Failure   Level  Hunger
a - Freeze                Ice            ##..         7%          1    #......
b - Ozocubu's Armour      Chrm/Ice       #.......     43%         3    ###....

Your spell library contained the following spells:

 Spells                   Type           Power        Failure   Level  Hunger
 Throw Frost              Conj/Ice       #.....       21%         2    ###....
 Throw Icicle             Conj/Ice       #.......     78%         4    #####..
 Summon Ice Beast         Ice/Summ       #.......     83%         4    #####..


Dungeon Overview and Level Annotations

Branches:
Dungeon (3/15)

Altars:


Message History

The kobold is severely wounded.
The gnoll hits you with a +0 spear. The kobold closely misses you.
You barely miss the kobold.
The kobold is severely wounded.
The kobold hits you.
You barely miss the kobold.
The kobold is severely wounded.
The gnoll hits you with a +0 spear. The gnoll hits you with a +0 club.
The kobold hits you.
You hit the kobold but do no damage.
The kobold is severely wounded.
The gnoll hits you with a +0 spear!
* * * LOW HITPOINT WARNING * * *
The gnoll closely misses you. The kobold hits you but does no damage.
Your magical contamination has completely faded away.
You barely miss the kobold.
The kobold is severely wounded.
The gnoll hits you but does no damage. The kobold closely misses you.
The gnoll hits you with a +0 club.
You die...

### ## ... .. #. #
#.# #....
#.###.#.#......
#.....#.#......
.... .g. ..>..
...#K#......
#.#@#......
#..gg...#
#.#####.##..#
#.#...........# #
#.#####.#.##.##.#
................#
#.......#.......##
#.......#.........
#.##....##.†......


You could see 3 gnolls and a kobold.

Vanquished Creatures
  An adder (D:2)
  A worm (D:2)
  A dart slug (D:2)
  4 giant cockroaches
  6 goblins (D:1)
  A hobgoblin (D:2)
  2 jackals (D:1)
  9 kobolds
  3 bats (D:1)
  A frilled lizard (D:2)
  4 rats (D:1)
33 creatures vanquished.

Notes
Turn   | Place    | Note
-------+----------+-------------------------------------------
     0 | D:1      | Martska the Merfolk Ice Elementalist began the quest for
                  | the Orb.
     0 | D:1      | Reached XP level 1. HP: 13/13 MP: 3/3
  1054 | D:1      | Reached XP level 2. HP: 20/20 MP: 1/5
  1550 | D:1      | Reached skill level 1 in Fighting
  1605 | D:1      | Reached XP level 3. HP: 26/26 MP: 6/6
  1887 | D:2      | HP: 1/26 [worm (10)]
  2659 | D:2      | Learned a level 3 spell: Ozocubu's Armour
  2671 | D:2      | HP: 1/26 [gnoll/+0 spear (10)]
  2672 | D:2      | Slain by a gnoll

Levels and vault maps discovered:
D:1:      mushboom_english_gardens, layout_loops_ring, serial_bayou_lake_a
D:2:      layout_basic
D:3:      layout_basic, nrook_campfire, uniq_terence, uniq_ijyb, uniq_jessica

Skill      XL: |  1  2 |
---------------+-------+-----
Dodging        | 3 |  3.3
Fighting       | 1 |  1.3
Stealth        | |  2.8
Spellcasting   | |  2.3
Conjurations   | |  0.7
Ice Magic      | |  3.7

Action                   || total
-------------------------++-------
Melee: Dagger            ||   199
       Tailslap          ||     2
 Cast: Freeze            ||    22
 Stab: Sleeping          ||     4
  Eat: Chunk             ||     3
       Ration            ||     1
Armor: Robe              ||    18
       Leather armour    ||    46
Dodge: Dodged            ||   165
